 Dungeon Crawl Stone Soup version 0.31-a0-145-g046c7d2549 (webtiles) character file.

Game seed: 10443812003488165918

5 qw the Shooter (level 1, -9/18 HPs)
             Began as a Minotaur Hunter on June 7, 2023.
             Mangled by a kobold
             ... wielding a +0 dagger of electrocution
              (12 damage)
             ... on level 1 of the Dungeon.
             The game lasted 00:00:03 (151 turns).

qw the Shooter (Minotaur Hunter)                     Turns: 151, Time: 00:00:03

Health: -9/18      AC:  3    Str: 15    XL:     1   Next: 66%
Magic:  0/0        EV: 12    Int:  6    God:
Gold:   10         SH:  0    Dex: 13    Spells: 0/0 levels left

rFire   . . .        a - +0 shortbow
rCold   . . .        (shield currently unavailable)
rNeg    . . .        c - +0 leather armour
rPois   .            (helmet restricted)
rElec   .            (no cloak)
rCorr   .            (no gloves)
SInv    .            (no boots)
Will    .....        (no amulet)
Stlth   +            (no ring)
HPRegen 0.23/turn    (no ring)
MPRegen 0.07/turn

%: no passive effects
@: no status effects
A: horns 2, retaliatory headbutt
a: no special abilities


You were on level 1 of the Dungeon.
You visited 1 branch of the dungeon, and saw 1 of its levels.

You collected 10 gold pieces.


Innate Abilities, Weirdness & Mutations

You have a pair of horns on your head.
You reflexively headbutt those who attack you in melee.


   Skills:
 - Level 2.4 Fighting
 + Level 4.7 Ranged Weapons
 - Level 2.1 Dodging
 - Level 0.7 Stealth


You couldn't memorise any spells.
You didn't know any spells.
Your spell library was empty.

Inventory:

Hand Weapons
 a - a +0 shortbow (weapon)
Armour
 c - a +0 leather armour (worn)
Scrolls
 b - a scroll of butterflies
 d - a scroll of vulnerability {unknown}
 e - a scroll of enchant weapon {unknown}

Dungeon Overview and Level Annotations

Branches:
Dungeon (1/15)

Altars:


Message History

The arrow completely misses the frilled lizard.
You shoot an arrow.
The arrow hits the frilled lizard but does no damage.
The frilled lizard is moderately wounded.
You shoot an arrow. The arrow hits the frilled lizard.
You kill the frilled lizard!
A bat comes into view.
Enter note: You shoot an arrow.
The arrow hits the bat.
You kill the bat!
You see here a bat corpse.
A ball python comes into view.
Enter note: You shoot an arrow.
The arrow hits the ball python.
The ball python hisses angrily.
The ball python is heavily wounded.
You shoot an arrow. The arrow hits the ball python.
You kill the ball python!
You see here a ball python corpse.
You open the door.
A rat comes into view.
Found a scroll labelled WEHOGG AZIENA XYAF.
Enter note: You shoot an arrow.
The arrow hits the rat.
You kill the rat!
You hear a shout!
A bat comes into view.
The bat hits you but does no damage.
You shoot an arrow. The arrow misses the bat.
The bat hits you but does no damage.
A kobold comes into view.
It is wielding a +0 dagger of electrocution.
You shoot an arrow. The arrow barely misses the kobold.
The bat hits you but does no damage.
You shoot an arrow. The arrow closely misses the kobold.
The kobold hits you with a +0 dagger of electrocution.
You are electrocuted!
Ouch! That really hurt!
The kobold hits you but does no damage.
You are electrocuted!
Ouch! That really hurt!
You die...

#.....#.#.#
##
#######.#.#
#.#.# #%#.#
#.# #.# #.#
#.# #@# #K#
?b. .....
.%....#
#......#
#......#
########


You could see a bat and a kobold.

Vanquished Creatures
  A ball python (D:1)
  An endoplasm (D:1)
  A bat (D:1)
  A frilled lizard (D:1)
  2 rats (D:1)
6 creatures vanquished.

Notes
Turn   | Place    | Note
-------+----------+-------------------------------------------
     0 | D:1      | qw the Minotaur Hunter began the quest for the Orb.
     0 | D:1      | Reached XP level 1. HP: 18/18 MP: 0/0
     0 | D:1      | 0 ||| qw: Version: 0.2-a-117-gc6b5c8b
     0 | D:1      | 0 ||| qw: Game counter: 2483
     0 | D:1      | 0 ||| qw: Always use a shield: true
     0 | D:1      | 0 ||| qw: God list: Okawaru
     0 | D:1      | 0 ||| qw: Allow faded altars: false
     0 | D:1      | 0 ||| qw: Do Orc after D:15 true
     0 | D:1      | 0 ||| qw: Do second Lair branch before Depths: true
     0 | D:1      | 0 ||| qw: Lair rune preference: random
     0 | D:1      | 0 ||| qw: Plans: Normal
     0 | D:1      | 0 ||| PLANNING D:1-11
   151 | D:1      | HP: 3/18 [kobold/+0 dagger of electrocution (12)]
   151 | D:1      | Mangled by a kobold

Levels and vault maps discovered:
D:1:      giann_wishing_wells, layout_basic, serial_shops, shop

Action                     || total
---------------------------++-------
   Fire: Shortbow          ||    17
 Armour: Leather armour    ||     4

Table legend:
 A = Non-vault XP
 B = Vault XP
 C = Vault XP percentage of total XP
 D = Non-vault monster count
 E = Vault monster count
 F = Vault count percentage of total count
                 A         B        C        D         E       F
            +---------+---------+-------+---------+---------+-------
      Total |       8 |       0 |   0.0 |       6 |       0 |   0.0
            +---------+---------+-------+---------+---------+-------
        D:1 |       8 |       0 |   0.0 |       6 |       0 |   0.0
            +---------+---------+-------+---------+---------+-------
